 Dungeon Crawl Stone Soup version 0.25.1-2-g60ff931df9 (webtiles) character file.

Game seed: 15348455562294829064

1117 WildWehraboo the Basher (level 8, -1/70 HPs)
             Began as a Minotaur Berserker on Nov 30, 2020.
             Was a Priest of Trog.
             Slain by an ice beast (5 damage)
             ... on level 6 of the Dungeon.
             The game lasted 00:42:25 (4939 turns).

WildWehraboo the Basher (Minotaur Berserker)        Turns: 4939, Time: 00:42:26

Health: -1/70      AC: 10    Str: 24    XL:     8   Next: 12%
Magic:  7/7        EV:  9    Int:  4    God:    Trog [***...]
Gold:   204        SH:  0    Dex: 10    Spells: 7/7 levels left

rFire    . . .     SeeInvis .   a - +0 mace
rCold    . . .     Gourm    .   (no shield)
rNeg     . . .     Faith    .   i - +0 chain mail
rPois    .         Spirit   .   (helmet restricted)
rElec    .         Reflect  .   (no cloak)
rCorr    .         Harm     .   (no gloves)
MR       ++...                  (no boots)
Stlth    ..........             (no amulet)
HPRegen  1.21/turn              (no ring)
MPRegen  0.10/turn              (no ring)

@: berserk cooldown, regenerating
A: retaliatory headbutt, horns 2
a: Berserk, Trog's Hand, Renounce Religion


You were on level 6 of the Dungeon.
You worshipped Trog.
Trog was most pleased with you.
You were not hungry.

You visited 1 branch of the dungeon, and saw 5 of its levels.

You collected 204 gold pieces.

Inventory:

Hand Weapons
 a - a +0 mace (weapon)
 f - a +0 hunting sling
Missiles
 g - 42 bolts
 h - 76 arrows
 l - 5 boomerangs (quivered)
 n - 61 stones
 r - 23 sling bullets
Armour
 b - a +0 animal skin
 d - a +0 ring mail
 i - a +0 chain mail (worn)
 t - a +1 helmet
Jewellery
 q - an uncursed amulet of faith
Scrolls
 j - 2 scrolls of remove curse {unknown}
 m - a scroll of amnesia {unknown}
 p - a scroll of teleportation {unknown}
Potions
 k - 2 potions of haste {unknown}
 o - a potion of might {unknown}
 u - 2 potions of mutation {unknown}
Comestibles
 c - 7 rations
 s - 5 chunks of flesh


   Skills:
 + Level 6.0 Fighting
 + Level 8.5 Maces & Flails
 + Level 0.1 Throwing
 + Level 6.5 Armour
 + Level 3.8 Dodging
 + Level 0.1 Stealth


You had 7 spell levels left.
You didn't know any spells.
Your spell library was empty.

Dungeon Overview and Level Annotations

Branches:
Dungeon (6/15)
 Temple: D:4-7

Altars:
Elyvilon
Qazlal
Yredelemnul


Innate Abilities, Weirdness & Mutations

You reflexively headbutt those who attack you in melee.
You have a pair of horns on your head.


Message History

The ice beast freezes you!
* * * LOW HITPOINT WARNING * * *
Your skin crawls.
You feel resistant to hostile enchantments.
You feel somewhat more hungry.
The orc wizard hits you but does no damage.
The ice beast hits you but does no damage.
The orc wizard hits you but does no damage.
The ice beast misses you.
You hit the orc wizard. Your headbutt misses the orc wizard.
The orc wizard is heavily wounded.
You feel yourself speed up.
The orc wizard hits you but does no damage.
The ice beast hits you but does no damage.
You hit the ice beast.
The ice beast is heavily wounded.
The orc wizard closely misses you. The ice beast hits you.
* * * LOW HITPOINT WARNING * * *
The ice beast freezes you.
You die...

...##############+##..#
...# #.......(...# ...#
#.......##..# ...+
#.......##..# ...#
##.....(....# ...#
#.....†)...# . ...#
#?.##.†#####.. ...
.##..##..# ....(
......Y@o#......
.........)......
+##..##'##......
.....#... ...... ....
+.... ..... _..
#.......... ...
.....#+##.. ......+ ..
......#


You could see an ice beast and an orc wizard.

Vanquished Creatures
  2 ice beasts (D:5)
  A sky beast (D:5)
  An ogre (D:6)
  A centaur (D:6)
  A howler monkey (D:5)
  2 crimson imps
  2 centaur zombies (D:5)
  2 jellies (D:5)
  2 orc priests
  A hound (D:6)
  3 orc wizards
  2 worker ants
  A howler monkey zombie (D:5)
  3 gnolls (D:5)
  6 adders
  A howler monkey skeleton (D:5)
  A shadow imp (D:5)
  A worm (D:2)
  3 dart slugs
  2 leopard geckos (D:5)
  18 orcs
  5 giant cockroaches
  6 hobgoblins
  16 jackals
  2 quokkas
  7 bats
  5 frilled lizards
  4 goblins
  A jackal zombie (D:5)
  4 kobolds
  2 leopard gecko skeletons (D:5)
  A quokka skeleton (D:5)
  5 rats
114 creatures vanquished.

Notes
Turn   | Place    | Note
-------+----------+-------------------------------------------
     0 | D:1      | WildWehraboo the Minotaur Berserker began the quest for the
                  | Orb.
     0 | D:1      | Reached XP level 1. HP: 19/19 MP: 0/0
   490 | D:1      | Reached XP level 2. HP: 27/27 MP: 1/1
   788 | D:1      | Reached skill level 4 in Maces & Flails
   998 | D:1      | Reached XP level 3. HP: 23/33 MP: 2/2
  1886 | D:2      | Found a stormy altar of Qazlal.
  2669 | D:3      | Reached XP level 4. HP: 41/41 MP: 3/3
  2702 | D:3      | Reached ** piety under Trog
  2742 | D:3      | Reached skill level 5 in Fighting
  2769 | D:3      | Reached XP level 5. HP: 17/48 MP: 4/4
  2773 | D:3      | Reached skill level 5 in Maces & Flails
  3149 | D:3      | Found a white marble altar of Elyvilon.
  3154 | D:3      | You fall into a shaft and drop 2 floors!
  3154 | D:5      | Entered Level 5 of the Dungeon
  3439 | D:5      | Reached skill level 6 in Maces & Flails
  3439 | D:5      | Reached XP level 6. HP: 53/56 MP: 5/5
  4087 | D:5      | Noticed an ice beast
  4095 | D:5      | Killed an ice beast
  4115 | D:5      | Noticed a sky beast
  4127 | D:5      | Killed a sky beast
  4127 | D:5      | Reached skill level 7 in Maces & Flails
  4127 | D:5      | Reached XP level 7. HP: 52/61 MP: 6/6
  4154 | D:5      | Reached *** piety under Trog
  4154 | D:5      | Reached skill level 5 in Armour
  4491 | D:6      | Reached skill level 8 in Maces & Flails
  4883 | D:6      | Reached XP level 8. HP: 51/70 MP: 7/7
  4906 | D:6      | Found a basalt altar of Yredelemnul.
  4936 | D:6      | HP: 3/70 [ice beast (12)]
  4939 | D:6      | Slain by an ice beast

Illustrated notes

Levels and vault maps discovered:
D:1:      dpeg_arrival_circle_labyrinth_a, layout_loops_ring,
          kennysheep_another_room
D:2:      layout_loops_ring, nicolae_qazlal_general_emergency
D:3:      corexii_shack_village, layout_loops_ring, elyvilon_altar_5,
          grunt_ministairs_8
D:5:      layout_loops_corners, kennysheep_mini, ebering_ghost_sewer_d,
          first_ration, nzn_random_ring
D:6:      layout_gridville, basic_altar

Skill      XL: |  1  2  3  4  5  6  7  8 |
---------------+-------------------------+-----
Fighting       | 4 5 6 |  6.0
Maces & Flails | 4 6 7 8 |  8.5
Armour         | 3 4 6 |  6.5
Dodging        | 3 |  3.8
Throwing       | |  0.1
Stealth        | |  0.1

Action                   |  1- 3 |  4- 6 |  7- 9 || total
-------------------------+-------+-------+-------++-------
Melee: Mace              |    74 |   123 |   107 ||   304
       Headbutt          |    13 |    18 |    20 ||    51
Throw: Boomerang         |       |     1 |     1 ||     2
Invok: Berserk           |     1 |     5 |     2 ||     8
       Trog's Hand       |       |     1 |     2 ||     3
  Use: Scroll            |     1 |       |     1 ||     2
       Potion            |       |       |     1 ||     1
  Eat: Chunk             |     4 |     4 |     4 ||    12
       Ration            |     1 |     1 |     1 ||     3
Armor: Chain mail        |    59 |    89 |   110 ||   258
       Ring mail         |     1 |       |       ||     1
Dodge: Dodged            |    49 |    74 |    67 ||   190
